 Dungeon Crawl Stone Soup version 0.18-a0-1225-g5d63bca (webtiles) character file.

48233 namelastname112 the Severer (level 14, -1/129 HPs)
             Began as a Pale Draconian Chaos Knight on Feb 3, 2016.
             Slain by an eight-headed hydra (3 damage)
             ... on level 3 of the Lair of Beasts.
             The game lasted 00:27:18 (15702 turns).

namelastname112 the Severer (DrCK)                 Turns: 15702, Time: 00:27:19

Health: -1/129     AC: 15    Str: 15    XL:     14   Next: 11%
Magic:  14/14      EV: 23    Int: 12    God:    Xom [*.....]
Gold:   1074       SH:  0    Dex: 16    Spells: 0 memorised, 13 levels left

rFire  + . .     SeeInvis .     J - +1 battleaxe (freeze)
rCold  . . .     Gourm    +     (armour unavailable)
rNeg   . . .     Faith    .     (shield currently unavailable)
rPois  .         Spirit   .     E - +2 hat (curse)
rElec  .         Dismiss  .     (no cloak)
rCorr  .         Reflect  .     u - +2 pair of gloves
SustAt .         Harm     .     L - +1 pair of boots
MR     ++...     Rnd*Rage +     v - amulet of the gourmand
Stlth  ++........               x - ring of protection from fire
                                n - +3 ring of evasion

@: short of breath, very resistant to hostile enchantments, unstealthy
A: breathe steam, unfitting armour, stinger 1, berserk 1, blink, magic
resistance 1, regeneration 1, cold-blooded, AC +8
a: Breathe Steam, Blink, Renounce Religion


You were on level 3 of the Lair of Beasts.
You worshipped Xom.
You were a special plaything of Xom.
You were not hungry.

You visited 2 branches of the dungeon, and saw 15 of its levels.
You also visited: Ossuary.

You collected 1485 gold pieces.
You spent 411 gold pieces at shops.

Inventory:

Hand Weapons
 a - a +0 hand axe of chaos
 G - a +2 war axe of electrocution
 J - a +1 battleaxe of freezing (weapon)
 M - a +0 blowgun
 R - a +2 battleaxe of chopping
Missiles
 S - 9 curare-tipped needles
Armour
 u - a +2 pair of gloves (worn)
 E - a cursed +2 hat (worn)
 L - a +1 pair of boots (worn)
Jewellery
 n - a +3 ring of evasion (left hand)
 q - an uncursed ring of positive energy
 v - an amulet of the gourmand (around neck)
 x - a ring of protection from fire (right hand)
Wands
 r - a wand of digging (13/24)
 y - a wand of paralysis (12/24)
 I - a wand of heal wounds (2/9)
 Q - a wand of digging (11/24)
 Z - a wand of iceblast (0/15)
Scrolls
 c - 2 scrolls of magic mapping
 d - 2 scrolls of enchant weapon
 e - 6 scrolls of enchant armour
 h - 3 scrolls of recharging
 k - 11 scrolls of remove curse
 p - 4 scrolls of teleportation
 s - 2 scrolls of fear
 C - 3 scrolls of fog
 T - a scroll of summoning
 X - a scroll of amnesia
 Y - 7 scrolls of identify
Potions
 i - 9 potions of curing
 j - 3 potions of lignification
 m - 2 potions of flight
 o - 4 potions of agility
 w - 2 potions of heal wounds
 z - a potion of cure mutation
 A - 5 potions of brilliance
 B - a potion of might
 D - 2 potions of cancellation
 F - 2 potions of resistance
 N - a potion of berserk rage
 O - 4 potions of haste
 P - 3 potions of invisibility
Books
 f - a book of Battle

   Spells                             Type                      Level
   a - Infusion                       Charms                       1
   b - Shroud of Golubria             Charms/Translocation         2
   c - Song of Slaying                Charms                       2
   d - Spectral Weapon                Hexes/Charms                 3
   e - Regeneration                   Charms/Necromancy            3
 K - a book of Envenomations

   Spells                             Type                      Level
   a - Spider Form                    Transmutation/Poison         3
   b - Olgreb's Toxic Radiance        Poison                       4
   c - Alistair's Intoxication        Transmutation/Poison         5
   d - Poisonous Cloud                Conjuration/Poison/Air       6
 U - a book of Minor Magic

   Spells                             Type                      Level
   a - Magic Dart                     Conjuration                  1
   b - Blink                          Translocation                2
   c - Call Imp                       Summoning                    2
   d - Repel Missiles                 Charms/Air                   2
   e - Slow                           Hexes                        2
   f - Conjure Flame                  Conjuration/Fire             3
   g - Mephitic Cloud                 Conjuration/Poison/Air       3
Comestibles
 b - 8 bread rations
 l - 10 meat rations
 t - 11 fruits
 H - 7 beef jerkies
 V - 8 slices of pizza


   Skills:
 + Level 13.2 Fighting
 * Level 16.4 Axes
 + Level 11.1 Dodging


You had 13 spell levels left.
You didn't know any spells.

Dungeon Overview and Level Annotations

Branches:
Dungeon (12/15)            Temple (0/1) D:7            Lair (3/8) D:8
 Shoals (0/4) Lair:3          Orc (0/2) D:11
  Snake: Lair:3-6    Spider: Lair:3-6

Altars:
Ashenzari
Cheibriados
Trog

Shops:
D:4 }   D:5 *   D:6 *   D:9 !


Innate Abilities, Weirdness & Mutations

You can breathe blasts of scalding, opaque steam.
Your pale cyan-grey scales are hard (AC +8).
Your body does not fit into most forms of armour.
You are cold-blooded and may be slowed by cold attacks.
Your tail ends in a poisonous barb.
You tend to lose your temper in combat.
You can translocate small distances at will.
You are resistant to hostile enchantments.
Your natural rate of healing is unusually fast.


Message History

* * * LOW HITPOINT WARNING * * *
The eight-headed hydra bites you but does no damage.
Press: ? - help, Shift-Dir - straight line, f/p - eight-headed hydra
Aim: an eight-headed hydra (severely wounded, fast)
You exhale a blast of scalding steam.
The ball of steam hits the eight-headed hydra.
The eight-headed hydra is almost dead.
You feel slightly more hungry.
The eight-headed hydra is engulfed in a cloud of scalding steam.
The eight-headed hydra bites you.
* * * LOW HITPOINT WARNING * * *
The eight-headed hydra bites you but does no damage.
The eight-headed hydra barely misses you.
The eight-headed hydra bites you!
* * * LOW HITPOINT WARNING * * *
The eight-headed hydra barely misses you.
The eight-headed hydra bites you!
* * * LOW HITPOINT WARNING * * *
The eight-headed hydra misses you. The eight-headed hydra bites you.
You die...

##......#.#####≈≈###
#.............####..
##..................
#...................
##..##.#..##........
#..?######.##.......
#P.§.#.....+........
#..D#.............#.
#..@#.......P.....##
##..##............##
#...#.....#......#.
#..##.....##.....##
#..##.....#......#.
#......P.+#P......#
#..#.#..#........##
#..................
###.#..P#..########


You could see an eight-headed hydra.

Vanquished Creatures
  Frances (D:12)
  Gastronok (D:11)
  Azrael (D:12)
  3 hydras
  Urug (D:11)
  Sonja (D:11)
  The ghost of ololoev the Arsonist, a journeyman DEFE of Sif Muna (D:11)
  2 unseen horrors (D:10)
  2 hill giants
  Pikel (D:8)
  A deep elf mage (D:12)
  3 ugly things
  2 cyclopes (D:12)
  A manticore (D:12)
  A siren (Lair:3)
  Psyche (D:9)
  4 torpor snails (Lair:2)
  A kobold demonologist (D:11)
  3 spiny frogs (Lair:2)
  Joseph (D:7)
  A komodo dragon (Lair:1)
  A fire drake (Lair:3)
  A troll (D:11)
  A two-headed ogre (D:10)
  10 blink frogs (Lair:2)
  A wraith (D:11)
  3 fire elementals (D:12)
  30 yaks
  Grum (D:9)
  A basilisk (Lair:2)
  A hog (D:12)
  A steam dragon (D:11)
  Menkaure (D:6)
  4 hippogriffs
  4 wolves
  A mottled dragon (D:11)
  9 porcupines
  3 hell hounds (D:12)
  6 orc warriors
  4 water moccasins
  3 ice beasts
  A slave (D:8)
  A wasp (D:10)
  An ogre (D:7)
  2 sky beasts
  A necrophage (D:10)
  2 phantoms
  3 centaurs
  8 crocodiles
  2 big kobolds
  3 giant frogs
  A wyvern skeleton (D:12)
  9 killer bees (D:10)
  3 scorpions
  A water moccasin skeleton (D:6)
  An electric eel (Lair:1)
  2 crimson imps
  A quasit (D:10)
  A giant frog skeleton (D:6)
  A giant frog zombie (D:5)
  3 centaur zombies
  5 hounds
  A jelly (D:6)
  A gnoll shaman (D:5)
  A centaur skeleton (D:12)
  7 orc priests
  4 iguanas
  7 orc wizards
  6 worker ants
  2 sheep (D:12)
  A hound skeleton (D:5)
  8 mummies (Ossuary)
  4 worker ant zombies
  11 gnolls
  12 adders
  65 river rats
  A shadow imp (D:11)
  2 oozes
  2 adder skeletons
  4 worms
  10 giant geckos
  50 orcs
  2 ball pythons
  3 giant cockroaches
  13 goblins
  15 hobgoblins
  14 jackals
  25 kobolds
  4 quokkas
  7 bats
  A giant gecko skeleton (D:6)
  7 giant newts
  2 gnoll zombies (Ossuary)
  A hobgoblin zombie (Ossuary)
  2 kobold zombies (Ossuary)
  3 orc zombies (Ossuary)
  3 quokka skeletons
  A quokka zombie (D:7)
  8 rats
  2 fungi
  A plant (D:5)
484 creatures vanquished.

Vanquished Creatures (collateral kills)
  A human (D:12)
  A crimson imp (D:7)
  A sheep (D:12)
  2 gnolls (D:2)
  A giant gecko (D:2)
  A bat (D:2)
7 creatures vanquished.

Vanquished Creatures (others)
  4 orcs
  3 fungi
  2 plants
9 creatures vanquished.

Grand Total: 500 creatures vanquished

Notes
Turn   | Place    | Note
--------------------------------------------------------------
     0 | D:1      | namelastname112 the Draconian Chaos Knight began the quest for the Orb.
     0 | D:1      | Reached XP level 1. HP: 19/19 MP: 1/1
    79 | D:1      | Reached XP level 2. HP: 16/26 MP: 2/2
   199 | D:1      | XOM: divination: magic mapping
   326 | D:1      | XOM: silly message
   458 | D:1      | XOM: harmless Divn miscast
   496 | D:1      | XOM: harmless Divn miscast
   550 | D:1      | Reached XP level 3. HP: 31/31 MP: 3/3
   818 | D:1      | XOM: colour smoke trail
  1048 | D:2      | XOM: divination: detect items
  1083 | D:2      | Found a shattered altar of Ashenzari.
  1159 | D:2      | Reached XP level 4. HP: 19/40 MP: 4/4
  1164 | D:2      | Reached skill level 4 in Axes
  1281 | D:2      | XOM: summons friendly quasit
  1628 | D:2      | Found a snail-covered altar of Cheibriados.
  1925 | D:3      | XOM: divination: detect items
  1957 | D:3      | XOM: smoke on damage
  1959 | D:3      | Reached XP level 5. HP: 42/46 MP: 5/5
  2096 | D:3      | Found a bloodstained altar of Trog.
  2524 | D:3      | XOM: god gift: 15 stones
  2736 | D:4      | Reached skill level 5 in Axes
  2873 | D:4      | Reached XP level 6. HP: 27/53 MP: 6/6
  3059 | D:4      | XOM: mild Fire miscast
  3156 | D:4      | XOM: mild Air miscast
  3229 | D:4      | Found Zagaon's Gadget Emporium.
  3489 | D:4      | XOM: harmless Erth miscast
  3594 | D:5      | Entered Level 5 of the Dungeon
  3594 | D:5      | Noticed a sky beast
  3623 | D:5      | Killed a sky beast
  3623 | D:5      | Reached skill level 5 in Fighting
  3623 | D:5      | Reached skill level 6 in Axes
  3623 | D:5      | Reached XP level 7. HP: 52/61 MP: 7/7
  3623 | D:5      | Your scales start taking on a pale cyan-grey colour.
  3630 | D:5      | Gained mutation: Your muscles are strong. (Str +2) [mutagenic meat]
  3631 | D:5      | Gained mutation: Your magical capacity is low (-10% MP). [mutagenic meat]
  3632 | D:5      | Gained mutation: You tend to lose your temper in combat. [mutagenic meat]
  3633 | D:5      | Lost mutation: Your muscles are strong. (Str +2) [mutagenic meat]
  3634 | D:5      | Gained mutation: You passively map a small area around you. [mutagenic meat]
  3635 | D:5      | Gained mutation: You expend magic power (3 MP) to strengthen your wands. [mutagenic meat]
  3679 | D:5      | Found Sipuunyr's Assorted Antiques.
  3686 | D:5      | XOM: colour smoke trail
  3687 | D:5      | Bought a green potion for 22 gold pieces
  3687 | D:5      | Bought a scroll labeled MIMUSH UCSIT for 25 gold pieces
  3687 | D:5      | Bought a scroll labeled OVEN TONKIL for 25 gold pieces
  3687 | D:5      | Bought a scroll labeled LUZ DENEME for 25 gold pieces
  3755 | D:5      | Bought a lumpy green potion for 22 gold pieces
  4029 | D:5      | Noticed a wolf
  4029 | D:5      | a scorpion changed into a wolf
  4030 | D:5      | Killed a wolf
  4145 | D:5      | Reached skill level 7 in Axes
  4567 | D:5      | Reached XP level 8. HP: 66/70 MP: 7/7
  4622 | D:5      | XOM: medium Ice miscast
  5346 | D:6      | XOM: enchant monster (good)
  5369 | D:6      | Reached skill level 5 in Dodging
  5431 | D:6      | XOM: enchant monster (good)
  5434 | D:6      | XOM: potion effect (heal wounds)
  5460 | D:6      | Found Wyutz's Assorted Antiques.
  5464 | D:6      | Bought a glass wand for 84 gold pieces
  5464 | D:6      | Bought a scroll labeled MIMUSH UCSIT for 21 gold pieces
  5464 | D:6      | Bought a fluorescent wand for 84 gold pieces
  5601 | D:6      | Reached skill level 8 in Axes
  5629 | D:6      | XOM: harmless Hex miscast
  5643 | D:6      | Gained mutation: You are robust (+10% HP). [mutagenic meat]
  5648 | D:6      | Noticed Menkaure
  5654 | D:6      | Killed Menkaure
  5848 | D:7      | XOM: summons friendly ufetubus
  5852 | D:7      | XOM: potion effect (invisibility)
  5858 | D:7      | Found a sand-covered staircase.
  5872 | Ossuary  | Entered an ossuary
  5918 | Ossuary  | Reached XP level 9. HP: 86/86 MP: 8/8
  6179 | D:7      | Reached skill level 9 in Axes
  6181 | D:7      | XOM: divination: magic mapping
  6296 | D:7      | XOM: harmless Fire miscast
  6324 | D:7      | Noticed Joseph
  6338 | D:7      | Killed Joseph
  6344 | D:7      | Found a staircase to the Ecumenical Temple.
  6642 | D:8      | Found a staircase to the Lair.
  6718 | D:8      | XOM: mild Pois miscast
  6848 | D:8      | Noticed Pikel
  6850 | D:8      | XOM: 4-stop teleportation journey
  6851 | D:8      | XOM: medium Erth miscast
  6911 | D:8      | Killed Pikel
  7207 | D:8      | XOM: mild Air miscast
  7324 | D:8      | XOM is BORED!
  7324 | D:8      | XOM: mild Summ miscast
  7366 | D:8      | XOM: god gift: 51 gold pieces
  7411 | D:9      | Noticed Grum
  7417 | D:9      | Reached skill level 10 in Axes
  7424 | D:9      | Killed Grum
  7628 | D:9      | XOM: 8-stop teleportation journey
  7652 | D:9      | XOM: potion effect (brilliance)
  7786 | D:9      | Found Umemob's Distillery.
  7790 | D:9      | Bought a potion of lignification for 39 gold pieces
  7790 | D:9      | Bought a potion of mutation for 32 gold pieces
  7790 | D:9      | Bought a potion of mutation for 32 gold pieces
  7790 | D:9      | Gained mutation: Your natural rate of healing is unusually fast. [potion of mutation]
  7790 | D:9      | Gained mutation: Your muscles are strong. (Str +2) [potion of mutation]
  7790 | D:9      | Gained mutation: You heal very quickly. [potion of mutation]
  7791 | D:9      | Lost mutation: Your magical capacity is low (-10% MP). [potion of mutation]
  7791 | D:9      | Lost mutation: You expend magic power (3 MP) to strengthen your wands. [potion of mutation]
  7791 | D:9      | Lost mutation: You are robust (+10% HP). [potion of mutation]
  7792 | D:9      | Lost mutation: Your muscles are strong. (Str +2) [potion of mutation]
  7792 | D:9      | Lost mutation: You heal very quickly. [potion of mutation]
  7792 | D:9      | Gained mutation: Your body sometimes deteriorates upon taking damage. [potion of mutation]
  8205 | D:9      | Noticed Psyche
  8211 | D:9      | Killed Psyche
  8211 | D:9      | Reached XP level 10. HP: 57/90 MP: 10/10
  8213 | D:9      | XOM: cast spell 'Spider Form'
  8317 | D:10     | XOM: stealth player
  8317 | D:10     | Entered Level 10 of the Dungeon
  8374 | D:10     | XOM: 4-stop teleportation journey
  8432 | D:10     | XOM: divination: magic mapping
  8484 | D:10     | Reached skill level 11 in Axes
  8819 | D:10     | Noticed a hill giant
  8819 | D:10     | XOM: confusion
  8826 | D:9      | XOM: cast spell 'Necromutation'
  8830 | D:9      | XOM: summons 4 friendly demons
  8833 | D:9      | Killed a hill giant
  8983 | D:10     | Killed an unseen horror
  9131 | D:10     | XOM: polymorph orc wizard -> gnoll
  9210 | D:10     | XOM: enchant monster (bad)
  9371 | D:10     | XOM: silly message
  9486 | D:10     | XOM: god gift: wooden wand {god gift}
  9521 | D:10     | XOM is BORED!
  9521 | D:10     | XOM: mild Ice miscast
  9706 | D:10     | Killed an unseen horror
  9706 | D:10     | Reached skill level 12 in Axes
  9773 | D:11     | XOM: summons 8 friendly demons
 10039 | D:11     | Noticed ololoev's ghost (journeyman DEFE)
 10039 | D:11     | XOM: summons friendly ufetubus
 10042 | D:11     | Noticed a hill giant
 10048 | D:11     | Killed a hill giant
 10048 | D:11     | Reached XP level 11. HP: 97/99 MP: 11/11
 10060 | D:11     | Killed ololoev's ghost
 10080 | D:11     | Reached skill level 10 in Fighting
 10106 | D:11     | Noticed Gastronok
 10119 | D:11     | XOM: enchant monster (good)
 10122 | D:11     | XOM: summons friendly quasit
 10132 | D:11     | Killed Gastronok
 10227 | D:11     | Noticed Urug
 10236 | D:11     | XOM: summons 7 friendly demons
 10254 | D:11     | Killed Urug
 10385 | D:11     | Noticed Sonja
 10391 | D:11     | Killed Sonja
 10391 | D:11     | Reached skill level 13 in Axes
 10491 | D:11     | XOM: mild Air miscast
 10583 | D:11     | XOM: blink monster(s)
 10590 | D:11     | XOM: confuse monster(s)
 10677 | D:11     | Found a staircase to the Orcish Mines.
 10853 | D:11     | XOM: silly message
 10858 | D:11     | Noticed a purple ugly thing
 10864 | D:11     | Killed a purple ugly thing
 10987 | D:12     | Noticed a cyan ugly thing
 10996 | D:12     | Killed a cyan ugly thing
 11085 | D:12     | Noticed Frances
 11090 | D:12     | Noticed a sun demon
 11092 | D:12     | XOM: destruction
 11095 | D:12     | XOM: enchant monster (good)
 11096 | D:12     | XOM: summons 11 friendly demons
 11097 | D:12     | XOM: butterfly on damage
 11101 | D:12     | Noticed a sun demon
 11104 | D:12     | XOM: confuse monster(s)
 11107 | D:12     | Killed Frances
 11107 | D:12     | Reached XP level 12. HP: 69/110 MP: 12/12
 11258 | D:12     | XOM: harmless Ice miscast
 11315 | D:12     | XOM: destruction
 11403 | D:12     | Reached skill level 14 in Axes
 11428 | D:12     | Noticed Azrael
 11445 | D:12     | Killed Azrael
 11472 | D:12     | XOM: harmless Conj miscast
 12287 | Lair:1   | Entered Level 1 of the Lair of Beasts
 12295 | Lair:1   | Noticed a five-headed hydra
 12307 | Lair:1   | XOM: potion effect (berserk rage)
 12316 | Lair:1   | Killed a ten-headed hydra
 12332 | Lair:1   | XOM: harmless Ice miscast
 12384 | Lair:1   | XOM: divination: detect items
 12628 | Lair:1   | Reached skill level 15 in Axes
 12628 | Lair:1   | Reached skill level 10 in Dodging
 12628 | Lair:1   | Reached XP level 13. HP: 117/119 MP: 13/13
 12958 | Lair:1   | XOM: harmless Chrm miscast
 13119 | Lair:1   | XOM: mild Ice miscast
 13317 | Lair:1   | XOM: silly message
 13494 | Lair:1   | XOM: noise
 13793 | Lair:2   | XOM: harmless Erth miscast
 13869 | Lair:2   | XOM: summons friendly crimson imp
 13889 | Lair:2   | XOM: 2-stop teleportation journey
 13968 | Lair:2   | XOM: scenery: 1 fountains blood, 1 doors open
 14062 | Lair:2   | XOM: silly message
 14238 | Lair:2   | Reached skill level 16 in Axes
 14483 | Lair:2   | Found a snail-covered altar of Cheibriados.
 14656 | Lair:2   | XOM: medium Hex miscast
 14823 | Lair:2   | XOM: give mutations
 14823 | Lair:2   | Gained mutation: You can translocate small distances at will. [Xom's mischief]
 14823 | Lair:2   | Lost mutation: Your body sometimes deteriorates upon taking damage. [Xom's mischief]
 14823 | Lair:2   | Lost mutation: You passively map a small area around you. [Xom's mischief]
 14962 | Lair:2   | XOM: colour smoke trail
 15036 | Lair:3   | XOM: give mutations
 15036 | Lair:3   | Gained mutation: Your tail ends in a poisonous barb. [Xom's grace]
 15036 | Lair:3   | Gained mutation: You are resistant to hostile enchantments. [Xom's grace]
 15158 | Lair:3   | Reached XP level 14. HP: 117/129 MP: 14/14
 15159 | Lair:3   | XOM: enchant monster (good)
 15163 | Lair:3   | XOM: 7-stop teleportation journey
 15508 | Lair:3   | XOM: noise
 15516 | Lair:3   | Found a staircase to the Shoals.
 15523 | Lair:3   | XOM: confuse monster(s)
 15564 | Lair:3   | XOM: 2-stop teleportation journey
 15568 | Lair:3   | XOM: mild Air miscast
 15673 | Lair:3   | XOM: chaos cloud
 15702 | Lair:3   | HP: 2/129 [eight-headed hydra (13)]
 15702 | Lair:3   | Slain by an eight-headed hydra

Vault maps used:
D:1:      dpeg_arrival_windows_large_door, minmay_close_crescents
D:2:      lemuel_doored_altar, lemuel_crystal_altar
D:3:      trog_three_pillars_becter
D:4:      first_bread, serial_shops, shop_fountains
D:5:      corexii_shantytown, serial_shops, shop
D:6:      serial_shops, shop, hangedman_decor_peaks_small, uniq_menkaure
D:7:      minmay_temple_entry_statues_pillars, enter_ossuary_1, uniq_joseph
D:8:      dpeg_oklobed_lair, uniq_pikel
D:9:      serial_shops, shop, uniq_grum, uniq_psyche
D:11:     orc_0_dummy, uniq_sonja, uniq_gastronok, uniq_urug
D:12:     grunt_livestock, uniq_azrael, uniq_frances
Lair:1:   serial_bayou_shore_a
Lair:2:   kennysheep_snail_temple, grunt_megastairs_2
Lair:3:   minmay_shoals_entry_lonely_mermaid, eino_small_chamber_without_monster
Ossuary:  ossuary_tomb_3

Action                   |  1- 3 |  4- 6 |  7- 9 | 10-12 | 13-15 || total
-------------------------+-------+-------+-------+-------+-------++-------
Melee: Hand axe          |   107 |   217 |    95 |       |       ||   419
       War axe           |       |       |   231 |   202 |       ||   433
       Battleaxe         |       |       |       |   238 |   334 ||   572
 Fire: Blowgun           |       |       |       |     5 |       ||     5
Throw: Tomahawk          |       |    11 |       |       |       ||    11
 Abil: Breathe Steam     |       |       |     9 |    10 |    10 ||    29
Evoke: Wand              |       |       |       |     9 |     1 ||    10
  Use: Scroll            |       |       |    23 |     8 |       ||    31
       Potion            |       |       |     3 |     3 |       ||     6
 Stab: Paralysed         |       |     6 |       |       |       ||     6
       Confused          |       |     2 |     1 |     2 |     2 ||     7
       Invisible         |       |       |     6 |       |       ||     6
       Sleeping          |       |       |     5 |     6 |       ||    11
       Distracted        |       |       |       |     1 |       ||     1
       Petrifying        |       |       |       |     2 |       ||     2
       Petrified         |       |       |       |     2 |       ||     2
  Eat: Chunk             |     1 |     9 |    31 |    19 |     7 ||    67
